 Dungeon Crawl Stone Soup version 0.29-a0-283-ga02f740833 (webtiles) character file.

Game seed: 5521466117610869592

146 Ajdolov the Digger (level 5, -1/48 HPs)
             Began as an Ogre Earth Elementalist on Mar 13, 2022.
             Slain by a scorpion (5 damage)
             ... on level 4 of the Dungeon.
             The game lasted 00:05:44 (4976 turns).

Ajdolov the Digger (Ogre Earth Elementalist)        Turns: 4976, Time: 00:05:45

Health: -1/48      AC:  4    Str: 12    XL:     5   Next: 28%
Magic:  1/9        EV:  9    Int: 24    God:
Gold:   113        SH:  0    Dex:  9    Spells: 5/9 levels left

rFire   . . .      SeeInvis +   a - staff of conjuration
rCold   . . .      Faith    .   (no shield)
rNeg    . . .      Spirit   .   l - +0 robe
rPois   +          Reflect  .   (helmet restricted)
rElec   .          Harm     .   p - +0 cloak {rPois}
rCorr   .          Rampage  .   (gloves unavailable)
Will    .....                   (boots unavailable)
Stlth   +.........              (no amulet)
HPRegen 0.16/turn               g - +6 ring of intelligence
MPRegen 0.11/turn               n - ring of see invisible

@: lethally poisoned (-1 -> -3)
A: large, unfitting armour, tough skin 1
a: no special abilities


You were on level 4 of the Dungeon.
You visited 1 branch of the dungeon, and saw 4 of its levels.

You collected 113 gold pieces.

Inventory:

Hand Weapons
 b - a +1 hand axe of electrocution
Missiles
 d - 66 stones
Armour
 l - a +0 robe (worn)
 p - a +0 cloak of poison resistance (worn)
Magical Staves
 a - a staff of conjuration (weapon)
Jewellery
 g - a +6 ring of intelligence (left hand)
 n - a ring of see invisible (right hand)
Scrolls
 e - 4 scrolls of identify {unknown}
 f - a scroll of enchant weapon {unknown}
 h - 2 scrolls of acquirement {unknown}
 j - a scroll of magic mapping {unknown}
Potions
 c - a potion of magic
 i - a potion of haste {unknown}
 k - 3 potions of curing {unknown}
 m - a potion of ambrosia {unknown}
 o - 2 potions of flight {unknown}
 q - a potion of resistance {unknown}
 r - a potion of mutation {unknown}


   Skills:
 + Level 1.4 Fighting
 - Level 1.7 Dodging
 - Level 1.4 Stealth
 + Level 2.9 Spellcasting
 * Level 2.4 Conjurations
 - Level 0.8 Transmutations
 - Level 4.1 Earth Magic


You had 5 spell levels left.
You knew the following spells:

 Your Spells              Type           Power      Damage    Failure   Level
a - Sandblast             Erth           46%        2d11      1%          1
b - Stone Arrow           Conj/Erth      56%        3d10      9%          3

Your spell library contained the following spells:

 Spells                   Type           Power      Damage    Failure   Level
 Passwall                 Tmut/Erth      12%        N/A       6%          2
 Freeze                   Ice            12%        1d4       11%         1
 Summon Small Mammal      Summ           12%        N/A       11%         1
 Call Canine Familiar     Summ           3%         N/A       32%         3
 Frozen Ramparts          Ice            6%         1d2       32%         3
 Summon Guardian Golem    Hex/Summ       3%         N/A       32%         3
 Petrify                  Tmut/Erth      15%        N/A       36%         4
 Hailstorm                Conj/Ice       14%        3d5       54%         4
 Fireball                 Conj/Fire      7%         3d5       88%         5
 Starburst                Conj/Fire      7%         6d4       100%        6
 Orb of Destruction       Conj           11%        9d6       100%        7
 Spellforged Servitor     Conj/Summ      7%         N/A       100%        7
 Ignition                 Fire           1%         3d3       100%        8


Dungeon Overview and Level Annotations

Branches:
Dungeon (4/15)
 Temple: D:4-7

Altars:
Elyvilon


Innate Abilities, Weirdness & Mutations

You are too large for most types of armour.
You have tough skin. (AC +1)


Message History

The scorpion is moderately wounded.
You feel very sick. The scorpion barely misses you.
You hit the scorpion.
The scorpion is heavily wounded.
You feel sick. The scorpion barely misses you. The scorpion stings you.
You are more poisoned.
The scorpion poisons you!
You barely miss the scorpion.
The scorpion is heavily wounded.
You feel very sick. The scorpion closely misses you.
You hit the scorpion.
The scorpion is severely wounded.
You feel very sick.
The scorpion stings you but does no damage.
The scorpion closely misses you.
You hit the scorpion.
The scorpion is severely wounded.
You feel sick. The scorpion stings you.
You closely miss the scorpion.
The scorpion is severely wounded.
You feel sick. The scorpion stings you.
* * * LOW HITPOINT WARNING * * *
The scorpion stings you but does no damage.
You barely miss the scorpion.
The scorpion is severely wounded.
You feel sick. The scorpion stings you.
* * * LOW HITPOINT WARNING * * *
The scorpion closely misses you.
Your +1 hand axe of electrocution stops crackling.
a - a staff of conjuration (weapon)
You feel sick.
Casting: Sandblast (safe; 1% risk of failure)
Confirm with . or Enter, or press ? or * to list all spells.
Aiming: Sandblast (safe; 1% risk of failure)
Press: ? - help, Shift-Dir - straight line, f/p - scorpion
Aim: a scorpion (severely wounded, 81% to hit)
The blast of sand misses the scorpion.
You feel sick. The scorpion stings you.
You die...

### ##.######.##
.......<...#
##.######.##
####.########
#.s@.........
###########.##.########
#...........##.#
#.############.# #.#
#.# #s# #.# #)# #.# #.#
#.# #)#


You could see a scorpion.

Vanquished Creatures
  An orc wizard (D:4)
  5 adders
  2 worms (D:2)
  6 orcs
  2 ball pythons (D:3)
  6 bats
  2 endoplasms
  3 giant cockroaches
  A goblin (D:3)
  7 hobgoblins
  7 quokkas
  6 frilled lizards
  8 kobolds
  8 rats
64 creatures vanquished.

Notes
Turn   | Place    | Note
-------+----------+-------------------------------------------
     0 | D:1      | Ajdolov the Ogre Earth Elementalist began the quest for the
                  | Orb.
     0 | D:1      | Reached XP level 1. HP: 16/16 MP: 3/3
   389 | D:1      | Reached skill level 3 in Earth Magic
   727 | D:1      | Found a faded altar of an unknown god.
   742 | D:1      | Reached XP level 2. HP: 19/24 MP: 5/5
  1802 | D:1      | Reached XP level 3. HP: 31/31 MP: 6/6
  1813 | D:1      | Learned a level 3 spell: Stone Arrow
  2512 | D:2      | Reached skill level 1 in Conjurations
  2794 | D:2      | Reached skill level 4 in Earth Magic
  2867 | D:2      | Reached XP level 4. HP: 32/39 MP: 7/7
  4080 | D:3      | Found a white marble altar of Elyvilon.
  4697 | D:3      | Reached skill level 1 in Fighting
  4773 | D:3      | Reached XP level 5. HP: 48/48 MP: 7/9
  4976 | D:4      | Slain by a scorpion

Illustrated notes

Levels and vault maps discovered:
D:1:      saegor_arrival_simple_d, layout_basic,
          hellmonk_ecumenical_altar_zigzags, minmay_liquid_box,
          minmay_tetromino_o2
D:2:      layout_basic, grunt_ministairs_3, nicolae_elevator_lobby_asterisk
D:3:      layout_loops_ring, nicolae_elyvilon_peaceful_grove, serial_park_tiny_1
D:4:      layout_loops_ring, lemuel_zombie_altar_kikubaaqudgha, slow_altar_2,
          minivault_23, uniq_edmund

Skill      XL: |  1  2  3  4 |
---------------+-------------+-----
Earth Magic    | 3 4 |  4.1
Conjurations   | 1 2 |  2.4
Fighting       | 1 |  1.4
Dodging        | |  1.7
Stealth        | |  1.4
Spellcasting   | |  2.9
Transmutations | |  0.8

Action                   |  1- 3 |  4- 6 || total
-------------------------+-------+-------++-------
Melee: Whip              |   166 |       ||   166
       Punch             |     1 |       ||     1
       Hand axe          |       |    53 ||    53
       Staff             |       |     4 ||     4
 Cast: Sandblast         |    10 |    26 ||    36
       Stone Arrow       |       |     3 ||     3
 Stab: Sleeping          |     1 |     1 ||     2
Armor: Robe              |    69 |    16 ||    85
Dodge: Dodged            |    91 |    34 ||   125

Table legend: (Time is in decaauts)
 A = Elapsed time spent in this place.
 B = Non-inter-level travel time spent in this place.
 C = Inter-level travel time spent in this place.
 D = Time resting spent in this place.
 E = Time spent auto-exploring this place.
 F = Levels seen in this place.
 G = Mean time per level.
                   A        B        C        D        E       F      G
               +--------+--------+--------+--------+--------+-----+--------+
         Total |   5003 |   4915 |     88 |    343 |   3908 |   4 | 1250.8 |
       Dungeon |   5003 |   4915 |     88 |    343 |   3908 |   4 | 1250.8 |
               +--------+--------+--------+--------+--------+-----+--------+

Top non-repeatable levels by time:
     D:2: 2046 daAuts
     D:1: 1971 daAuts
     D:3: 907 daAuts
     D:4: 79 daAuts
